 Dungeon Crawl Stone Soup version 0.28.0-56-g4927b6849a (webtiles) character file.

Game seed: 8544709264698715638

4513 cbfl8 the Cleaver (level 10, -1/83 (88) HPs)
             Began as a Minotaur Berserker on Jan 27, 2023.
             Was an Elder of Trog.
             Shot with an arrow by a centaur warrior (17 damage)
             ... on level 9 of the Dungeon.
             The game lasted 00:08:22 (11790 turns).

cbfl8 the Cleaver (Minotaur Berserker)             Turns: 11790, Time: 00:08:23

HP:   -1/83 (88)    AC: 13    Str: 22    XL:     10   Next: 16%
MP:   9/9           EV:  9    Int:  4    God:    Trog [****..]
Gold: 516           SH:  8    Dex: 14    Spells: 9/9 levels left

rFire   + . .      SeeInvis .   h - +0 war axe
rCold   x . .      Faith    .   z - +0 kite shield
rNeg    . . .      Spirit   .   q - +0 chain mail
rPois   .          Reflect  .   G - +1 hat
rElec   .          Harm     .   y - +0 cloak
rCorr   .          Rampage  .   k - +0 pair of gloves
Will    .....                   (no boots)
Stlth   ..........              (no amulet)
HPRegen 0.23/turn               F - ring of fire
MPRegen 0.11/turn               (no ring)

@: drained
A: horns 2, retaliatory headbutt
a: Renounce Religion, Berserk, Trog's Hand, Brothers in Arms


You were on level 9 of the Dungeon.
You worshipped Trog.
Trog was greatly pleased with you.
You visited 1 branch of the dungeon, and saw 9 of its levels.

You collected 516 gold pieces.

Inventory:

Hand Weapons
 h - a +0 war axe (weapon)
Missiles
 A - a throwing net
Armour
 k - a +0 pair of gloves (worn)
 q - a +0 chain mail (worn)
 r - a scarf of shadows
 y - a +0 cloak (worn)
 z - a +0 kite shield (worn)
 G - a +1 hat (worn)
Jewellery
 F - a ring of fire (left hand)
Wands
 p - a wand of iceblast (17)
 x - a wand of mindburst (3) (quivered)
Scrolls
 a - a scroll of silence {unknown}
 e - 2 scrolls of immolation {unknown}
 f - 2 scrolls of fear {unknown}
 l - a scroll of enchant armour {unknown}
 n - a scroll of holy word {unknown}
 o - a scroll of blinking {unknown}
 t - a scroll of fog {unknown}
 u - 3 scrolls of identify {unknown}
 v - a scroll of amnesia {unknown}
 E - a scroll of enchant weapon {unknown}
Potions
 b - a potion of ambrosia {unknown}
 d - 4 potions of brilliance {unknown}
 g - 2 potions of might {unknown}
 i - a potion of lignification {unknown}
 j - a potion of resistance {unknown}
 m - a potion of invisibility {unknown}
 s - 3 potions of curing {unknown}
 w - 4 potions of heal wounds {unknown}
 B - a potion of haste {unknown}
 C - 2 potions of degeneration {unknown}
 D - 2 potions of flight {unknown}


   Skills:
 * Level 8.0 Fighting
 * Level 11.6 Axes
 + Level 5.9 Armour
 * Level 6.6 Dodging
 * Level 4.5 Stealth
 + Level 2.1 Shields
 * Level 3.4 Evocations


You had 9 spell levels left.
You didn't know any spells.
Your spell library was empty.

Dungeon Overview and Level Annotations

Branches:
Dungeon (9/15)             Temple (0/1) D:4
   Lair: D:8-11         Orc: D:9-12

Altars:
Fedhas
Hepliaklqana
Ru
Yredelemnul
The Shining One

Shops:
D:2 (   D:4 *   D:6 [


Innate Abilities, Weirdness & Mutations

You have a pair of horns on your head.
You reflexively headbutt those who attack you in melee.


Message History

Unknown command.
You closely miss the wight.
The wight is severely damaged.
The wight hits you with a +0 trident.
You feel drained.
You slash the wight!
You destroy the wight!
Trog accepts your kill.
No target in view!
You start resting.
You start resting.
A centaur warrior comes into view. It is wielding a +0 dagger.
A centaur warrior is nearby!
The centaur warrior unwields a +0 dagger.
The centaur warrior wields a +0 shortbow.
The centaur warrior shoots an arrow.
The arrow hits you!
Things that are here:
a +0 scimitar; a +0 robe
Things that are here:
a +3 hand axe; a +0 robe The centaur warrior shoots an arrow.
The arrow hits you!!
The centaur warrior shoots an arrow.
The arrow hits you!
Things that are here:
a +4 long sword; a +0 robe The centaur warrior shoots an arrow.
The arrow hits you!
* * * LOW HITPOINT WARNING * * *
Things that are here:
a +4 long sword; a +0 robe
Aiming: Mindburst
Press: ? - help, Q - select action, (/) - cycle Shift-Dir - straight line, f - centaur warrior
Aim: a centaur warrior, wielding a +0 shortbow and quivering arrows (chance to affect: 62%)
The centaur warrior resists with significant effort.
The centaur warrior shoots an arrow.
You block the arrow.
Aiming: Mindburst
Press: ? - help, Q - select action, (/) - cycle Shift-Dir - straight line, f/p - centaur warrior
Aim: a centaur warrior, wielding a +0 shortbow and quivering arrows (chance to affect: 62%)
The centaur warrior resists with significant effort.
The centaur warrior shoots an arrow.
The arrow hits you.
* * * LOW HITPOINT WARNING * * *
The centaur warrior shoots an arrow.
The arrow hits you!
You die...

#..# #..# #..# ..#
#..# ..# #..# ..#
#..# ..# #..# ..#
#..# ..#
########.@####).#####
#........).c)........
#...............#####
######..#####).##
#..# #..# #..# #(.#
#..# #..# #..# #..#
#..# #.c#


You could see a centaur warrior.

Vanquished Creatures
  Menkaure (D:7)
  An acid dragon (D:8)
  Duvessa (D:6)
  A water moccasin (D:7)
  5 orc warriors
  2 necrophages (D:7)
  2 ogres
  2 ice beasts
  A black bear (D:4)
  5 centaurs
  A phantom (D:5)
  2 bullfrogs
  A kobold brigand (D:9)
  A gnoll sergeant (D:7)
  3 scorpions
  A wyvern zombie (D:7)
  A water moccasin zombie (D:5)
  Dowan (D:6)
  A water moccasin skeleton (D:5)
  10 wights
  2 howler monkeys
  A bullfrog zombie (D:5)
  3 centaur zombies
  8 orc priests
  3 centaur skeletons
  2 gnoll shamans
  3 hounds
  Jessica (D:3)
  3 iguanas
  9 orc wizards
  A hound zombie (D:5)
  17 gnolls
  A howler monkey zombie (D:9)
  5 adders
  2 shadow imps (D:6)
  A white imp (D:8)
  An ufetubus (D:5)
  An adder skeleton (D:4)
  A dart slug (D:1)
  41 orcs
  4 endoplasms
  2 giant cockroaches
  6 goblins
  4 hobgoblins
  3 jackals (D:3)
  7 kobolds
  4 quokkas
  9 ball pythons
  2 bats (D:3)
  4 frilled lizards
  5 rats
199 creatures vanquished.

Vanquished Creatures (others)
  An orc warrior (D:9)
1 creature vanquished.

Grand Total: 200 creatures vanquished

Notes
Turn   | Place    | Note
-------+----------+-------------------------------------------
     0 | D:1      | cbfl8 the Minotaur Berserker began the quest for the Orb.
     0 | D:1      | Reached XP level 1. HP: 19/19 MP: 0/0
    37 | D:1      | Reached skill level 4 in Axes
    37 | D:1      | Reached XP level 2. HP: 7/27 MP: 1/1
   923 | D:1      | Found a faded altar of an unknown god.
   957 | D:1      | Reached XP level 3. HP: 33/33 MP: 2/2
  1776 | D:2      | Found Sowycik's Weapon Boutique.
  1896 | D:2      | Reached ** piety under Trog
  2358 | D:3      | Noticed Jessica
  2364 | D:3      | Killed Jessica
  2365 | D:3      | Reached XP level 4. HP: 34/40 MP: 3/3
  2571 | D:3      | Reached skill level 1 in Stealth
  3056 | D:4      | Reached skill level 5 in Axes
  3307 | D:4      | Found Daeskuzudo's General Store.
  3321 | D:4      | Found a staircase to the Ecumenical Temple.
  3467 | D:4      | Reached XP level 5. HP: 15/47 MP: 4/4
  4028 | D:4      | Noticed a black bear
  4031 | D:4      | Killed a black bear
  4223 | D:5      | Entered Level 5 of the Dungeon
  4245 | D:5      | Noticed an ogre
  4249 | D:5      | Killed an ogre
  4250 | D:5      | Reached skill level 6 in Axes
  4250 | D:5      | Reached XP level 6. HP: 37/53 MP: 5/5
  4332 | D:5      | Reached skill level 5 in Fighting
  4433 | D:5      | Reached XP level 7. HP: 18/61 MP: 6/6
  4933 | D:5      | Reached skill level 7 in Axes
  5282 | D:5      | Found a basalt altar of Yredelemnul.
  5549 | D:5      | Reached skill level 5 in Dodging
  6039 | D:6      | Reached XP level 8. HP: 57/70 MP: 7/7
  6046 | D:6      | Reached skill level 8 in Axes
  6503 | D:6      | Reached skill level 1 in Evocations
  6618 | D:6      | Reached *** piety under Trog
  6742 | D:6      | Reached skill level 9 in Axes
  6757 | D:6      | HP: 5/106 [orc warrior/+2 short sword of speed (9)]
  7139 | D:6      | Noticed Duvessa
  7190 | D:6      | Noticed Dowan
  7196 | D:6      | Killed Dowan
  7198 | D:6      | Killed Duvessa
  7419 | D:6      | Found Bemaukk's Antique Armour Boutique.
  7665 | D:7      | Reached XP level 9. HP: 29/78 MP: 8/8
  8039 | D:7      | Reached skill level 10 in Axes
  8200 | D:7      | Reached skill level 5 in Armour
  8848 | D:7      | Noticed Menkaure
  8856 | D:7      | Killed Menkaure
  8863 | D:7      | Reached skill level 1 in Shields
  8869 | D:7      | Reached **** piety under Trog
  9692 | D:7      | Reached skill level 11 in Axes
 10571 | D:8      | Found a sacrificial altar of Ru.
 10571 | D:8      | Found a hazy altar of Hepliaklqana.
 10573 | D:8      | Found a blossoming altar of Fedhas.
 10573 | D:8      | Found a glowing golden altar of the Shining One.
 10925 | D:9      | Reached XP level 10. HP: 28/88 MP: 9/9
 11395 | D:9      | Noticed a boulder beetle
 11408 | D:9      | Noticed a two-headed ogre
 11781 | D:9      | Noticed a centaur warrior
 11790 | D:9      | Shot with an arrow by a centaur warrior

Illustrated notes

Levels and vault maps discovered:
D:1:      dpeg_arrival_erosion, layout_basic,
          shapermc_ecumenical_altar_mp_vishouse
D:2:      layout_loops_corners, serial_shops, shop, kennysheep_nondescript
D:3:      layout_basic, uniq_jessica
D:4:      layout_loops_ring, minmay_temple_entry_large_hall, serial_shops, shop
D:5:      layout_loops_ring, lemuel_zombie_altar_yredelemnul, st_stairs_1
D:6:      layout_basic, serial_shops, nicolae_shop_statue_plus, st_stairs_4,
          bh_walls_and_bars, uniq_duvessa
D:7:      layout_cave_pools, uniq_menkaure
D:8:      layout_cave_pools, mainiacjoe_overflow_alcove_3
D:9:      minmay_the_grid_octo_triangle [minmay_the_grid_octo_thin_diamonds,
          minmay_the_grid_octo_prize_star, minmay_the_grid_octo_shrine],
          layout_small_grid, special_room [special_room_orc]

Skill      XL: |  1  2  3  4  5  6  7  8  9 10 |
---------------+-------------------------------+-----
Fighting       | 4 5 6 7 8 |  8.0
Axes           | 4 5 6 7 9 11 | 11.6
Armour         | 3 4 5 |  5.9
Stealth        | 1 2 3 4 |  4.5
Dodging        | 3 4 5 6 |  6.6
Evocations     | 1 3 |  3.4
Shields        | 1 2 |  2.1

Action                   |  1- 3 |  4- 6 |  7- 9 | 10-12 || total
-------------------------+-------+-------+-------+-------++-------
Melee: Hand axe          |    77 |    35 |       |       ||   112
       Headbutt          |     8 |    10 |    58 |    14 ||    90
       Punch             |     1 |     1 |     2 |       ||     4
       War axe           |       |    49 |   301 |    48 ||   398
Invok: Berserk           |       |     1 |     5 |       ||     6
Evoke: Wand              |       |       |       |     3 ||     3
  Use: Scroll            |       |       |     2 |     1 ||     3
 Stab: Sleeping          |     3 |     5 |       |       ||     8
Armor: Animal skin       |     9 |    24 |     5 |       ||    38
       Ring mail         |       |       |    25 |       ||    25
       Chain mail        |       |       |   113 |    35 ||   148
       Scale mail        |       |       |     4 |       ||     4
Dodge: Dodged            |    39 |    80 |   163 |    16 ||   298
Block: Kite shield       |       |       |    57 |    25 ||    82
